AoeStats
← vedattufan1

Migration

509350133Analyzed
1v1 RM · 5d ago on Sep 26, 2026· 48m 56s· 2 players
Game mode
Random Map
Map size
132×132
Population
200
Speed
Normal
Resources
Standard
Victory
Conquest
Starting age
Dark Age
Ending age
Imperial Age
RankedLock teamsTeams togetherTeam positionsShared explorationLock speedFull tech treeHidden civsTurbo modeCheats
Victory
Defeat
🇹🇷 Persians · Türkiye
668
+14
🇬🇧 Burmese · United Kingdom
623
-14
xlxl
8:46 Loom
11:54 Feudal Age
12:34 Gold Mining
19:32 Castle Age
17:52 Stone Mining
18:57 Town Watch
21:15 Wheelbarrow
23:22 Fletching
26:35 Bodkin Arrow
28:55 Forging
28:51 Scale Barding Armor
29:33 Redemption
29:54 Sanctity
29:36 Herbal Medicine
30:21 Bloodlines
30:24 Husbandry
31:49 Iron Casting
36:16 Imperial Age
47:54 Murder Holes
vedattufan1
10:19 Feudal Age
8:36 Loom
11:04 Horse Collar
11:47 Double-Bit Axe
12:55 Horse Collar
19:28 Castle Age
17:43 Stone Mining
18:11 Gold Mining
20:26 Town Watch
21:13 Heavy Plow
21:26 Bow Saw
23:56 Man-at-Arms
24:21 Gambesons
24:55 Forging
24:47 Scale Mail Armor
25:41 Husbandry
25:20 Man-at-Arms
26:04 Long Swordsman
26:39 Gambesons
27:16 Bloodlines
33:48 Imperial Age
34:11 Heavy Camel Rider
45:47 Chain Mail Armor
45:38 Scale Barding Armor
47:04 Chemistry
Connection lost

Rejoining the realm…

Still unreachable

The connection could not be restored.

Session expired

The server has moved on; the page needs a fresh start.